 Dungeon Sprint DCSS version 0.30-a0-469-g84de5afbc5 (webtiles) character file.

Game seed: 6980474575820284185

1071 NinjaNoafa the Spry (level 11, -1/104 HPs)
             Began as a Merfolk Gladiator on Dec 19, 2022.
             Was a High Priest of Uskayaw.
             Shot with an arrow by a deep elf archer (20 damage)
             ... in the Dungeon (Sprint VI: "Thunderdome").
             The game lasted 00:06:48 (1258 turns).

NinjaNoafa the Spry (Merfolk Gladiator)             Turns: 1258, Time: 00:06:49

Health: -1/104     AC:  8    Str: 12    XL:     11   Next: 54%
Magic:  22/22      EV: 22    Int:  7    God:    Uskayaw [*****.]
Gold:   145        SH:  0    Dex: 18    Spells: 10/10 levels left

rFire   + + .      SeeInvis .    j - +0 quick blade (vorpal)
rCold   + + .      Faith    +    (no shield)
rNeg    . . .      Spirit   .    b - +0 leather armour
rPois   .          Reflect  .    c - +0 helmet
rElec   +          Harm     .    (no cloak)
rCorr   .          Rampage  .    (no gloves)
Will    +....      NoTele   +    (no boots)
Stlth   +.........               s - amulet "Fud Daci" {Faith rC+ Str+3 Dex-3}
HPRegen 0.37/turn                p - ring of the Exiled Heavens {rElec rF+ AC+4 Str-5}
MPRegen 0.18/turn                d - ring "Itsoxt" {rF+ rC+ Will+}

@: hasted, very quick
A: (nimble swimmer 2), mertail, mutation resistance 1, screaming 1
}: 1/15 runes: serpentine
a: Renounce Religion, Stomp, Line Pass, Grand Finale


You were in the Dungeon.
You worshipped Uskayaw.
Uskayaw was pleased with you.
You visited 1 branch You collected 1480 gold pieces.
You spent 1335 gold pieces at shops.

Inventory:

Hand Weapons
 f - a +0 longbow of electrocution
 j - a +0 vorpal quick blade (weapon)
Missiles
 g - a javelin
Armour
 b - a +0 leather armour (worn)
 c - a +0 helmet (worn)
Jewellery
 d - the ring "Itsoxt" (right hand) {rF+ rC+ Will+}
   (You bought it in a shop in the Dungeon)

   [ring of protection from cold]

   rF:        It protects you from fire.
   rC:        It protects you from cold.
   Will:      It increases your willpower.
 m - the amulet of Umucweakhlu {Acrobat +Inv rPois rF+}
   (You bought it in a shop in the Dungeon)

   [amulet of the acrobat]

   It increases your evasion while moving and waiting.
   rF:        It protects you from fire.
   rPois:     It protects you from poison.
   +Inv:      It lets you turn invisible.
 p - the ring of the Exiled Heavens (left hand) {rElec rF+ AC+4 Str-5}
   (You bought it in a shop in the Dungeon)

   [ring of protection]

   AC:        It affects your AC (+4).
   Str:       It affects your strength (-5).
   rF:        It protects you from fire.
   rElec:     It insulates you from electricity.
 q - the amulet of Yghestraq {rF+ Regen+}
   (You bought it in a shop in the Dungeon)

   [amulet of regeneration]

   rF:        It protects you from fire.
   Regen:     It increases your rate of health regeneration.
 s - the amulet "Fud Daci" (around neck) {Faith rC+ Str+3 Dex-3}
   (You bought it in a shop in the Dungeon)

   [amulet of faith]

   It allows you to gain divine favour quickly.
   Str:       It affects your strength (+3).
   Dex:       It affects your dexterity (-3).
   rC:        It protects you from cold.
Scrolls
 o - 2 scrolls of fog
 r - a scroll of identify
Potions
 h - 2 potions of haste
 i - 2 potions of magic
 l - a potion of resistance


   Skills:
 + Level 16.3 Fighting
 - Level 8.0 Short Blades
 - Level 3.4 Throwing
 + Level 17.1 Dodging
 + Level 14.7 Invocations
 - Level 5.0 Evocations


You had 10 spell levels left.
You didn't know any spells.
Your spell library was empty.

Dungeon Overview and Level Annotations

Branches:
Dungeon (1/1)

Altars:
Cheibriados
Dithmenos
Fedhas
Gozag
Kikubaaqudgha
Makhleb
Okawaru
Qazlal
Ru
Sif Muna
Trog
Uskayaw
Vehumet
Wu Jian
Xom
Yredelemnul
Zin
The Shining One
Lugonu

Shops:
D *[??*?*:[((!!!!


Innate Abilities, Weirdness & Mutations

((You are very nimble when in or above water. (Stealth+, EV+, Speed+++)))
Your lower body shifts to a powerful aquatic tail in water.
You are somewhat resistant to further mutation.
You occasionally shout uncontrollably at your foes.


Message History

You hit the entropy weaver but do no damage.
The entropy weaver is almost dead.
You hear a twanging sound.
An arrow appears from out of thin air!
The arrow hits you!
* * * LOW HITPOINT WARNING * * *
The entropy weaver barely misses you. The entropy weaver hits you.
* * * LOW HITPOINT WARNING * * *
The entropy weaver hits you but does no damage. x2
You feel much better. The entropy weaver barely misses you.
The entropy weaver hits you but does no damage. x2
The entropy weaver hits you.
You hear some strange, mumbled words.
A shard of ice appears from out of thin air!
The shard of ice hits you! You partially resist.
* * * LOW HITPOINT WARNING * * *
The entropy weaver attacks as you move away!
The entropy weaver hits you but does no damage.
The entropy weaver misses you.
The entropy weaver hits you but does no damage. x2
The deep elf archer unwields a +0 short sword.
The deep elf archer wields a +0 shortbow.
The deep elf archer shoots an arrow.
The arrow barely misses you. Something closely misses you.
You miss something.
You feel much better. The entropy weaver closely misses you.
The entropy weaver hits you.
The entropy weaver completely misses you.
The entropy weaver misses you.
The deep elf archer shoots an arrow.
The arrow hits you!!
* * * LOW HITPOINT WARNING * * *
Something hits you.
* * * LOW HITPOINT WARNING * * *
The deep elf zephyrmancer casts a spell.
The deep elf zephyrmancer blinks!
The entropy weaver closely misses you.
The entropy weaver hits you but does no damage. x2
The entropy weaver barely misses you.
You feel yourself speed up.
The deep elf zephyrmancer is no longer sharing its pain.
The deep elf archer shoots an arrow.
The arrow hits you!!
You die...

#⌠...........⌠#
######.8.........8.#####
##.___......###......___∩
###∩))......8.# #.8........
##..".e........###....).....
#⌠..........###...###....)..
#⌠.....[....# #.<.# #...))..
#⌠........{.###...###.......
##.........@...###..........
###∩.......B8e# #.8........
##∩___..§...###.......__∩
######.8.........8.#####
#⌠...........⌠#
###.........### #_......._#
#_......._# #........_#


You could see an entropy weaver (pain bonded), a deep elf archer (repels
missiles, pain bonded) and a deep elf zephyrmancer.

Vanquished Creatures
  An anaconda (D)
  A swamp dragon (D)
  2 deep elf zephyrmancers (D)
  3 deep elf pyromancers (D)
  A rime drake (D)
  3 neqoxecs (D)
  A steam dragon (D)
  3 acid dragons (D)
  2 swamp drakes (D)
  Pargi (D)
  8 killer bees (D)
  6 vampire bats (D)
  Terence (D)
  An orc (D)
  A quokka (D)
  A goblin (D)
  3 rats (D)
39 creatures vanquished.

Notes
Turn   | Place    | Note
-------+----------+-------------------------------------------
     0 | D        | NinjaNoafa the Merfolk Gladiator began the quest for the
                  | Orb.
     0 | D        | Reached XP level 1. HP: 16/16 MP: 1/1
     1 | D        | Found a shimmering altar of Xom.
     1 | D        | Found an opulent altar of Gozag.
     2 | D        | Found a snail-covered altar of Cheibriados.
     3 | D        | Found a basalt altar of Yredelemnul.
     3 | D        | Found a shimmering blue altar of Sif Muna.
     4 | D        | Found a corrupted altar of Lugonu.
     4 | D        | Found Jeefu's Identification Station.
     5 | D        | Found Vecweaf's Jewellery.
     5 | D        | Found Leydwauss's Advanced Armour.
     5 | D        | Round 1.
     8 | D        | Found a bloodstained altar of Trog.
     9 | D        | Found a radiant altar of Vehumet.
    11 | D        | Found Buesil's Premium Goods.
    12 | D        | Found Wahamoen's Miscellaneous Merchandise.
    12 | D        | Found Caja's Basic Armour.
    13 | D        | Found an ornate altar of the Wu Jian Council.
    13 | D        | Found a burning altar of Makhleb.
    13 | D        | Found a blossoming altar of Fedhas.
    13 | D        | Found Fuphaku's Weapon Rack.
    18 | D        | Found an iron altar of Okawaru.
    19 | D        | Found a stormy altar of Qazlal.
    20 | D        | Found Rodwur's Do-It-Yourself Clinic.
    21 | D        | Found Ykkomir's Bottled Wisdom.
    21 | D        | Found Naowiwer's Distillery.
    21 | D        | Found a hide-covered altar of Uskayaw.
    21 | D        | Found a shadowy altar of Dithmenos.
    21 | D        | Found a glowing silver altar of Zin.
    21 | D        | Found Irhepiufu's Distillery.
    26 | D        | Found a sacrificial altar of Ru.
    29 | D        | Became a worshipper of Uskayaw the Reveller
    35 | D        | Noticed Terence
    60 | D        | Bought a flickering bronze ring for 45 gold pieces
    60 | D        | Identified the ring of the Exiled Heavens {rElec rF+ AC+4
                  | Str-5} (You bought it in a shop in the Dungeon)
    62 | D        | Reached * piety under Uskayaw
    67 | D        | Reached ** piety under Uskayaw
    71 | D        | Reached *** piety under Uskayaw
    75 | D        | Reached **** piety under Uskayaw
    76 | D        | Killed Terence
    77 | D        | Reached skill level 5 in Short Blades
    77 | D        | Reached skill level 5 in Dodging
    77 | D        | Reached XP level 2. HP: 19/25 MP: 2/2
    77 | D        | Reached XP level 3. HP: 23/30 MP: 3/3
    81 | D        | Bought a flickering wooden ring for 45 gold pieces
    81 | D        | Identified the ring "Itsoxt" {rF+ rC+ Will+} (You bought it
                  | in a shop in the Dungeon)
    84 | D        | Bought a bound steel amulet for 45 gold pieces
    84 | D        | Identified the amulet of Yghestraq {rF+ Regen+} (You bought
                  | it in a shop in the Dungeon)
    86 | D        | Bought a faintly glowing zirconium amulet for 45 gold
                  | pieces
    86 | D        | Identified the amulet of Beogh's Esteem {RegenMP rCorr
                  | Str+2} (You bought it in a shop in the Dungeon)
    88 | D        | Arena points: 4 (+4) [x1]
   103 | D        | Round 2.
   146 | D        | Noticed Pargi
   162 | D        | Killed Pargi
   163 | D        | Reached skill level 5 in Fighting
   163 | D        | Reached skill level 7 in Dodging
   163 | D        | Reached XP level 4. HP: 35/39 MP: 3/6
   177 | D        | Found an ancient bone altar of Kikubaaqudgha.
   178 | D        | Found a glowing golden altar of the Shining One.
   178 | D        | Found Wiploudgh's Staff Store.
   178 | D        | Found Guthrol's Magic Scroll Shop.
   179 | D        | Found Ticer's Must-Have Magic.
   179 | D        | Found Gics's Magic Scroll Shop.
   219 | D        | Arena points: 28 (+24) [x2]
   286 | D        | Round 3.
   292 | D        | Reached skill level 8 in Dodging
   292 | D        | Reached XP level 5. HP: 45/46 MP: 6/8
   301 | D        | Reached skill level 5 in Invocations
   315 | D        | Reached XP level 6. HP: 51/53 MP: 8/10
   318 | D        | Reached skill level 5 in Evocations
   319 | D        | Reached skill level 9 in Dodging
   329 | D        | Reached ***** piety under Uskayaw
   340 | D        | Arena points: 91 (+63) [x3]
   365 | D        | Round 4.
   366 | D        | Noticed a deep elf pyromancer
   367 | D        | Noticed a deep elf pyromancer
   368 | D        | Noticed a fire elemental
   374 | D        | Killed a deep elf pyromancer
   375 | D        | Reached skill level 11 in Dodging
   375 | D        | Reached XP level 7. HP: 44/64 MP: 10/13
   385 | D        | Killed a deep elf pyromancer
   385 | D        | Noticed a deep elf zephyrmancer
   386 | D        | Reached skill level 10 in Fighting
   386 | D        | Reached skill level 12 in Dodging
   386 | D        | Reached skill level 10 in Invocations
   386 | D        | Reached XP level 8. HP: 61/73 MP: 7/15
   390 | D        | Noticed a deep elf pyromancer
   392 | D        | Noticed a deep elf zephyrmancer
   409 | D        | Killed a deep elf pyromancer
   410 | D        | Reached skill level 13 in Dodging
   410 | D        | Killed a deep elf zephyrmancer
   411 | D        | Reached skill level 14 in Dodging
   411 | D        | Reached XP level 9. HP: 41/82 MP: 7/18
   412 | D        | Killed a deep elf zephyrmancer
   423 | D        | Arena points: 187 (+96) [x4]
   438 | D        | Round 5.
   451 | D        | Noticed a giant anaconda
   496 | D        | Killed a giant anaconda
   496 | D        | Arena points: 397 (+210) [x6]
   509 | D        | Got a serpentine rune of Zot
   678 | D        | Round 6.
   748 | D        | Reached skill level 15 in Dodging
   748 | D        | Reached XP level 10. HP: 86/95 MP: 19/19
   844 | D        | Arena points: 775 (+378) [x7]
   885 | D        | Round 7.
   911 | D        | Gained mutation: You occasionally shout uncontrollably at
                  | your foes. [a neqoxec]
   914 | D        | Gained mutation: You are somewhat resistant to further
                  | mutation. [a neqoxec]
   924 | D        | Reached skill level 15 in Fighting
   943 | D        | Arena points: 999 (+224) [x8]
   958 | D        | Round 8.
   997 | D        | Bought a +0 quick blade for 450 gold pieces
  1013 | D        | Bought a flickering bone amulet for 45 gold pieces
  1013 | D        | Identified the amulet of Umucweakhlu {Acrobat +Inv rPois
                  | rF+} (You bought it in a shop in the Dungeon)
  1026 | D        | Noticed a swamp dragon
  1054 | D        | Reached skill level 16 in Dodging
  1054 | D        | Killed a swamp dragon
  1069 | D        | Reached XP level 11. HP: 17/104 MP: 21/21
  1083 | D        | HP: 5/104 [acid dragon/splash of acid (18)]
  1093 | D        | Bought 5 potions of heal wounds for 500 gold pieces
  1119 | D        | Reached skill level 17 in Dodging
  1189 | D        | Arena points: 1071 (+72) [x1]
  1204 | D        | Bought a scroll of brand weapon for 95 gold pieces
  1204 | D        | Bought a scroll of identify for 20 gold pieces
  1204 | D        | Round 9.
  1219 | D        | Bought a glittering lead amulet for 45 gold pieces
  1219 | D        | Identified the amulet "Fud Daci" {Faith rC+ Str+3 Dex-3}
                  | (You bought it in a shop in the Dungeon)
  1227 | D        | Noticed a deep elf knight
  1239 | D        | Noticed an entropy weaver
  1246 | D        | Noticed a deep elf archer
  1249 | D        | Noticed a deep elf zephyrmancer
  1258 | D        | Shot with an arrow by a deep elf archer

Illustrated notes

Levels and vault maps discovered:
D:        arena_sprint

Skill      XL: |  1  2  3  4  5  6  7  8  9 10 11 |
---------------+----------------------------------+-----
Short Blades   | 5 6 8 |  8.0
Fighting       | 3 5 6 9 10 12 14 16 | 16.3
Throwing       | 3 |  3.4
Dodging        | 5 7 8 11 12 14 15 16 17 | 17.1
Invocations    | 3 4 5 9 10 12 14 | 14.7
Evocations     | 3 5 |  5.0

Action                   |  1- 3 |  4- 6 |  7- 9 | 10-12 || total
-------------------------+-------+-------+-------+-------++-------
Melee: Rapier            |    32 |    41 |    51 |    86 ||   210
       Punch             |       |     1 |       |     3 ||     4
       Quick blade       |       |       |       |   103 ||   103
Throw: Throwing net      |     3 |       |       |       ||     3
       Javelin           |       |     1 |     1 |       ||     2
Invok: Line Pass         |       |       |     2 |     3 ||     5
       Stomp             |       |       |     1 |     2 ||     3
Evoke: Wand              |       |       |     7 |     3 ||    10
  Use: Potion            |       |       |     6 |     8 ||    14
       Scroll            |       |       |     1 |     5 ||     6
 Stab: Paralysed         |     3 |     2 |     4 |     9 ||    18
       Confused          |       |       |     1 |     1 ||     2
Armor: Leather armour    |     8 |    27 |     9 |    27 ||    71
Dodge: Dodged            |    31 |    60 |    60 |   179 ||   330

Table legend: (Time is in decaauts)
 A = Elapsed time spent in this place.
 B = Non-inter-level travel time spent in this place.
 C = Inter-level travel time spent in this place.
 D = Time resting spent in this place.
 E = Time spent auto-exploring this place.
 F = Levels seen in this place.
 G = Mean time per level.
                   A        B        C        D        E       F      G
               +--------+--------+--------+--------+--------+-----+--------+
         Total |   1153 |   1107 |     46 |    307 |    246 |   1 | 1153.0 |
       Dungeon |   1153 |   1107 |     46 |    307 |    246 |   1 | 1153.0 |
               +--------+--------+--------+--------+--------+-----+--------+

Top non-repeatable levels by time:
       D: 1153 daAuts
